 Dungeon Crawl Stone Soup version 0.23-a0-32-g1388f29 (webtiles) character file.

133105 glosham the Markscentaur (level 16, -65/145 HPs)
             Began as a Centaur Conjurer on Aug 3, 2018.
             Was the Champion of Sif Muna.
             Annihilated by a titanic slime creature (93 damage)
             ... on level 4 of the Swamp on Aug 4, 2018.
             The game lasted 11:38:49 (23474 turns).

glosham the Markscentaur (Centaur Conjurer)        Turns: 23474, Time: 11:38:49

Health: -65/145    AC: 24    Str: 14    XL:     16   Next: 59%
Magic:  30/32      EV:  9    Int: 17    God:    Sif Muna [******]
Gold:   1283       SH:  0    Dex: 27    Spells: 2/25 levels left

rFire    . . .     SeeInvis .   a - +8 longbow "Hydrabane" {freeze, MR+ Dex+4 Stlth+}
rCold    . . .     Gourm    .   (shield currently unavailable)
rNeg     + + .     Faith    .   X - +4 ring mail of Mocimext {rElec rPois MP+9}
rPois    +         Spirit   .   U - +2 helmet
rElec    +         Reflect  .   Y - +0 cloak
rCorr    .         Harm     .   V - +2 pair of gloves {archery}
MR       +++..                  W - +4 centaur barding
Stlth    ++++......             z - amulet of Naumof {Fragile rN+ Regen+ Dex+5 Stlth+}
HPRegen  0.74/turn              A - ring of Cowardice {Dex+7 Slay+2}
MPRegen  0.23/turn              B - ring "Jomew" {+Blink rN+ MR+ Stlth+}

@: divine energy, very quick
A: large, hooves 3, deformed body, speed 2, tough skin 3
a: Stop Divine Energy, Channel Magic, Forget Spell, Renounce Religion, Evoke
Blink


You were on level 4 of the Swamp.
You worshipped Sif Muna.
Sif Muna was exalted by your worship.
You were hungry.

You visited 4 branches of the dungeon, and saw 27 of its levels.
You also visited: Bailey.

You collected 2869 gold pieces.
You spent 1586 gold pieces at shops.

Inventory:

Hand Weapons
 a - the +8 longbow "Hydrabane" (weapon) {freeze, MR+ Dex+4 Stlth+}
   (You found it on level 6 of the Lair of Beasts)

   It causes projectiles fired from it to freeze those they strike, causing
   extra injury to most foes and up to half again as much damage against
   particularly susceptible opponents.
   They can also slow down cold-blooded creatures.
   It affects your dexterity (+4).
   It affects your resistance to hostile enchantments.
   It makes you more stealthy.
 c - the +4 executioner's axe "Zoqeef" {flame, rElec rC+ MR+}
   (You found it in a bailey)

   It has been specially enchanted to burn those struck by it, causing extra
   injury to most foes and up to half again as much damage against particularly
   susceptible opponents.
   Big, fiery blades are also staple armaments of hydra-hunters.
   It protects you from cold.
   It insulates you from electricity.
   It affects your resistance to hostile enchantments.
Missiles
 d - 517 arrows (quivered)
Armour
 E - the +3 leather armour of Bedevilment {Slay+2}
   (You found it on level 10 of the Dungeon)

   It affects your accuracy and damage with ranged weapons and melee attacks
   (+2).
 S - +0 acid dragon scales
 U - a +2 helmet (worn)
 V - a +2 pair of gloves of archery (worn)
 W - a +4 centaur barding (worn)
 X - the +4 ring mail of Mocimext (worn) {rElec rPois MP+9}
   (You found it on level 2 of the Swamp)

   It insulates you from electricity.
   It protects you from poison.
   It affects your magic capacity (+9).
 Y - a +0 cloak (worn)
Magical Staves
 b - an uncursed staff of death
Jewellery
 z - the amulet of Naumof (around neck) {Fragile rN+ Regen+ Dex+5 Stlth+}
   (You bought it in a shop on level 2 of the Orcish Mines)

   [amulet of regeneration]

   It affects your dexterity (+5).
   It protects you from negative energy.
   It increases your rate of regeneration.
   It will be destroyed if unequipped.
   It makes you more stealthy.
 A - the ring of Cowardice (left hand) {Dex+7 Slay+2}
   (You found it on level 8 of the Dungeon)

   [ring of slaying]

   It affects your dexterity (+7).
   It affects your accuracy and damage with ranged weapons and melee attacks
   (+2).
 B - the ring "Jomew" (right hand) {+Blink rN+ MR+ Stlth+}
   (You bought it in a shop on level 2 of the Orcish Mines)

   [ring of stealth]

   It protects you from negative energy.
   It affects your resistance to hostile enchantments.
   It lets you blink.
   It makes you more stealthy.
 C - an uncursed ring of protection from cold
 D - an uncursed ring of protection from fire
 F - an uncursed ring of flight
 I - an uncursed ring of see invisible
 N - an uncursed ring of positive energy
 P - an uncursed ring of poison resistance
 Z - an uncursed ring of wizardry
Wands
 g - a wand of flame (20)
 h - a wand of polymorph (28)
 i - a wand of paralysis (5)
 j - a wand of acid (12)
Scrolls
 k - 13 scrolls of teleportation
 l - 3 scrolls of blinking
 m - a scroll of fog
 n - 5 scrolls of fear
 o - 11 scrolls of remove curse
 p - 5 scrolls of identify
 K - a scroll of magic mapping
Potions
 q - 7 potions of lignification
 r - 7 potions of curing
 s - 6 potions of heal wounds
 t - 4 potions of magic
 u - 2 potions of haste
 v - a potion of resistance
 w - 7 potions of brilliance
 x - 2 potions of agility
 y - 7 potions of might
 G - a potion of invisibility
 H - a potion of cancellation
 J - 2 potions of flight
Miscellaneous
 f - a lightning rod (4/4)
Comestibles
 e - 43 rations


   Skills:
 - Level 13.8 Fighting
 - Level 4.0 Staves
 * Level 19.7 Bows
 + Level 4.1 Dodging
 - Level 1.1 Stealth
 - Level 5.0 Spellcasting
 - Level 3.6 Conjurations
 - Level 16.5 Necromancy
 - Level 5.0 Translocations
 - Level 3.0 Earth Magic
 - Level 7.0 Invocations
 - Level 5.0 Evocations


You had 2 spell levels left.
You knew the following spells:

 Your Spells              Type           Power        Failure   Level  Hunger
a - Apportation           Tloc           ###...       3%          1    None
c - Borgnjor's Vile Clut  Necr/Erth      #####.....   14%         5    ######.
m - Sublimation of Blood  Necr           ######....   1%          2    #......
r - Regeneration          Chrm/Necr      ####......   3%          3    ###....
v - Vampiric Draining     Necr           ######....   1%          3    ###....
x - Bolt of Draining      Conj/Necr      #####.....   13%         5    ######.
Z - Animate Dead          Necr           N/A          1%          4    ####...

Your spell library contained the following spells:

 Spells                   Type           Power        Failure   Level  Hunger
 Magic Dart               Conj           ###.         7%          1    None
 Fireball                 Conj/Fire      ##........   98%         5    ######.
 Conjure Flame            Conj/Fire      ##......     38%         3    ###....
 Bolt of Fire             Conj/Fire      ##........   100%        6    #######
 Lightning Bolt           Conj/Air       ##........   98%         5    ######.
 Slow                     Hex            #.......     41%         2    #......
 Confuse                  Hex            #.......     65%         3    ###....
 Throw Flame              Conj/Fire      ##....       22%         2    #......
 Freezing Cloud           Conj/Ice/Air   #.........   100%        6    #######
 Mephitic Cloud           Conj/Pois/Air  #.......     47%         3    ###....
 Venom Bolt               Conj/Pois      ##........   98%         5    ######.
 Olgreb's Toxic Radiance  Pois           #.......     96%         4    ####...
 Summon Small Mammal      Summ           #...         28%         1    None
 Blink                    Tloc           N/A          5%          2    #......
 Iskenderun's Mystic Bla  Conj           ###.....     54%         4    ####...
 Pain                     Necr           ####         1%          1    None
 Animate Skeleton         Necr           N/A          1%          1    None
 Borgnjor's Revivificati  Necr           ######....   91%         8    #######
 Freeze                   Ice            #...         28%         1    None
 Sticky Flame             Conj/Fire      ##......     80%         4    ####...
 Summon Ice Beast         Ice/Summ       #.......     96%         4    ####...
 Call Imp                 Summ           #.......     41%         2    #......
 Sting                    Conj/Pois      ##..         14%         1    None
 Tukima's Dance           Hex            #.......     65%         3    ###....
 Corpse Rot               Necr           N/A          1%          2    #......
 Shock                    Conj/Air       ##..         14%         1    None
 Swiftness                Chrm/Air       #.......     41%         2    #......
 Recall                   Summ/Tloc      N/A          30%         3    ###....
 Spider Form              Tmut/Pois      #.........   65%         3    ###....
 Blade Hands              Tmut           #.........   100%        5    ######.
 Ice Form                 Ice/Tmut       #.......     96%         4    ####...
 Death Channel            Necr           ######....   4%          6    #######
 Deflect Missiles         Chrm/Air       #.........   100%        6    #######
 Throw Icicle             Conj/Ice       ##......     80%         4    ####...
 Confusing Touch          Hex            #.....       28%         1    None
 Flame Tongue             Conj/Fire      ##...        14%         1    None
 Sticks to Snakes         Tmut           #.......     41%         2    #......
 Call Canine Familiar     Summ           #.......     65%         3    ###....
 Ensorcelled Hibernation  Hex/Ice        #.....       41%         2    #......
 Corona                   Hex            #......      28%         1    None
 Simulacrum               Ice/Necr       ####......   83%         6    #######
 Conjure Ball Lightning   Conj/Air       ##........   100%        6    #######
 Petrify                  Tmut/Erth      #.......     83%         4    ####...
 Shroud of Golubria       Chrm/Tloc      ##........   16%         2    #......
 Inner Flame              Hex/Fire       #.......     65%         3    ###....
 Beastly Appendage        Tmut           #.....       28%         1    None
 Fulminant Prism          Conj/Hex       ##........   80%         4    ####...
 Dazzling Spray           Conj/Hex       ##....       38%         3    ###....
 Force Lance              Conj/Tloc      ###.....     45%         4    ####...
 Searing Ray              Conj           ###...       10%         2    #......
 Summon Lightning Spire   Summ/Air       #.......     96%         4    ####...
 Summon Guardian Golem    Hex/Summ       #.......     65%         3    ###....
 Hydra Form               Tmut           #.........   100%        6    #######
 Poisonous Vapours        Pois/Air       #.....       41%         2    #......


Dungeon Overview and Level Annotations

Branches:
Dungeon (15/15)            Temple (0/1) D:5            Lair (6/6) D:10
  Swamp (4/4) Lair:4       Spider (0/4) Lair:4        Slime (0/5) Lair:5
    Orc (2/2) D:12            Elf (0/3) Orc:2        Vaults (0/5) D:14
 Depths (0/5) D:15

Altars:
Fedhas
Hepliaklqana
Kikubaaqudgha
Ru
Sif Muna
Wu Jian
Xom
Yredelemnul
Beogh
Jiyva

Shops:
D:9 (   D:15 *   Orc:1 :   Orc:2 =(:*[

Annotations:
D:12 exclusion: orange crystal statue


Innate Abilities, Weirdness & Mutations

You have hooves in place of feet.
Armour fits poorly on your strangely shaped body.
You cover ground very quickly.
You have extremely tough skin. (AC +3)


Message History

The arrow hits the large slime creature!
The arrow freezes the large slime creature.
The large slime creature is heavily wounded.
Firing (i - inventory)
d - 521 arrows (quivered)
Press: ? - help, Shift-Dir - straight line, f/p - large slime creature
Aim: a large slime creature (heavily wounded)
You shoot an arrow.
The arrow barely misses the large slime creature.
You hear a splash.
Firing (i - inventory)
d - 520 arrows (quivered)
Press: ? - help, Shift-Dir - straight line, f/p - large slime creature
Aim: a large slime creature (heavily wounded)
You shoot an arrow.
The arrow hits the large slime creature.
The arrow freezes the large slime creature.
The large slime creature is heavily wounded.
You hear a splash.
You are feeling hungry.
Firing (i - inventory)
d - 519 arrows (quivered)
Press: ? - help, Shift-Dir - straight line, f/p - large slime creature
Aim: a large slime creature (heavily wounded)
You shoot an arrow.
The arrow hits the large slime creature!!!
The arrow freezes the large slime creature!
The large slime creature is almost dead.
You hear a splash.
Firing (i - inventory)
d - 518 arrows (quivered)
Press: ? - help, Shift-Dir - straight line, f/p - large slime creature
Aim: a large slime creature (almost dead)
You shoot an arrow.
The arrow hits the large slime creature!!
The arrow freezes the large slime creature.
You kill the large slime creature!
Sif Muna accepts your kill. The titanic slime creature hits you!!!!
Ouch! That really hurt!
* * * LOW HITPOINT WARNING * * *
You fail to use your ability.
The titanic slime creature hits you!!!!
Ouch! That really hurt!
You die...

≈#≈≈≈.#≈#≈# ♣♣♣♣♣♣♣♣♣♣≈.♣
♣≈≈≈.#.#(♣#♣♣♣ ♣♣♣.≈♣♣♣
≈#≈≈≈≈#≈#()♣≈♣♣ ♣.≈≈≈.≈♣♣♣
#≈≈§≈#≈#≈#(((.♣♣♣♣♣♣♣♣♣≈≈≈≈≈≈≈≈♣
..≈≈≈≈#≈#(§.(≈≈♣≈♣♣.§♣.≈≈≈≈≈≈.♣♣
######♣≈.≈≈..(........≈≈≈.≈≈≈.♣
≈≈.......^..≈≈(..≈≈≈....≈..≈≈.♣♣♣
≈≈≈≈≈.≈≈.≈♣♣...(≈≈≈≈≈.♣♣♣♣..♣♣♣♣§
≈≈≈≈.♣...♣♣≈...J@≈≈≈≈.♣♣ ♣♣♣♣♣♣≈♣
≈≈≈.≈♣≈.≈♣...♣♣≈..≈≈≈.≈♣♣♣ ♣..♣♣♣
≈≈≈≈≈♣≈≈≈≈.♣♣♣≈≈≈≈≈≈≈≈♣.≈♣♣♣≈≈§♣
≈≈≈≈≈..≈≈≈.♣ ♣.≈≈≈≈≈.♣.≈≈.≈.≈≈.♣♣
≈≈.<).≈≈≈≈≈♣ ♣≈≈≈≈≈≈..≈≈≈...≈≈≈≈.
≈.≈≈♣♣.≈§.♣♣♣♣..≈≈≈≈..≈≈≈≈§.≈≈≈≈≈
≈≈§.....≈≈≈.♣♣♣♣.≈≈≈≈.≈≈≈≈≈≈≈≈≈≈≈
≈≈≈≈≈≈≈≈≈≈≈.♣♣♣♣♣≈≈...≈≈≈≈≈≈≈.≈≈≈
≈...≈≈≈≈≈=≈≈≈♣.≈...≈..≈≈≈≈≈≈.≈≈≈≈


You could see a titanic slime creature.

Vanquished Creatures
  Louise (Swamp:1)
  2 orc warlords
  3 very ugly things
  2 entropy weavers (Lair:6)
  Josephine (Orc:2)
  A green death (Swamp:4)
  A vault guard (D:14)
  A yaktaur captain (D:15)
  16 hydras
  3 catoblepae
  6 two-headed ogres
  A death knight (D:15)
  9 alligators
  5 centaur warriors
  A queen ant (Lair:6)
  An ogre mage (Orc:2)
  An orc high priest (Orc:2)
  4 death yaks (Lair:6)
  3 tengu warriors
  Urug (Lair:2)
  Nergalle (Orc:2)
  A skeletal warrior (D:15)
  4 unseen horrors
  2 swamp dragons (Swamp:4)
  A phantasmal warrior (D:15)
  3 shambling mangroves
  2 deep elf magi (D:14)
  6 orc knights
  4 oklob plants (Lair:1)
  3 orc sorcerers
  13 ugly things
  A wolf spider (D:14)
  3 cyclopes
  2 manticores
  8 elephants
  A torpor snail (Lair:3)
  4 black mambas
  2 orange demons (Swamp:4)
  2 gargoyles
  A kobold demonologist (D:12)
  8 spiny frogs
  3 rime drakes
  An efreet (D:15)
  5 komodo dragons
  A tengu conjurer (D:15)
  A yaktaur (D:15)
  2 freezing wraiths (D:15)
  2 meliai (shapeshifter) (D:14)
  3 polar bears
  13 hornets
  3 trolls
  3 tyrant leeches
  7 slime creatures
  A large abomination (Swamp:4)
  14 blink frogs
  7 hippogriffs
  4 bog bodies
  A meliai zombie (D:14)
  4 dream sheep (Lair:6)
  6 spriggans
  8 redbacks (D:12)
  2 vampires (D:15)
  5 shadows
  6 wraiths
  2 hogs (D:7)
  4 wyverns
  5 basilisks
  39 yaks
  A human (D:7)
  5 hungry ghosts
  17 swamp worms
  9 vampire mosquitoes
  A steam dragon (Lair:4)
  2 acid dragons
  4 wargs
  18 insubstantial wisps
  23 soldier ants
  9 water moccasins
  2 hell hounds (D:10)
  7 porcupines
  44 orc warriors
  6 sky beasts
  6 swamp drakes
  2 phantoms
  3 ice beasts
  2 black bears
  10 ogres
  2 necrophages
  24 wolves
  14 centaurs
  4 boggarts (Lair:5)
  3 eyes of draining
  9 crocodiles
  Blork the orc (D:4)
  17 bullfrogs
  A gnoll sergeant (D:11)
  9 killer bees
  2 scorpions
  2 howler monkeys (D:14)
  9 wights
  10 electric eels
  5 crimson imps
  5 jellies
  A bullfrog zombie (D:10)
  5 centaur zombies
  19 orc priests
  6 centaur skeletons
  8 hounds
  32 orc wizards
  2 bullfrog skeletons
  A gnoll shaman (D:5)
  3 iguanas
  4 hell rats (Lair:4)
  25 worker ants
  A killer bee zombie (D:10)
  A hound zombie (D:5)
  2 hound skeletons
  A worker ant zombie (D:8)
  10 gnolls
  9 adders
  A shadow imp (D:6)
  6 oozes
  2 adder skeletons
  A worm (D:3)
  3 dart slugs
  6 leopard geckos
  114 orcs
  A ball python (D:4)
  8 bats
  7 giant cockroaches
  5 hobgoblins
  9 jackals
  13 kobolds
  5 quokkas
  5 frilled lizards
  9 goblins
  A jackal skeleton (D:8)
  A leopard gecko skeleton (D:4)
  10 rats
  A bush (Lair:6)
  4 plants
917 creatures vanquished.

Vanquished Creatures (collateral kills)
  A hydra (Lair:5)
  The ghost of Foll the Nimble, a journeyman OpFi of Cheibriados (Lair:3)
  A deep troll shaman (Lair:6)
  A lindwurm (Lair:6)
  An orb spider (Lair:4)
  2 black mambas
  A spiny frog (Lair:2)
  4 komodo dragons
  2 hippogriffs
  2 blink frogs
  3 dream sheep (Lair:6)
  A hog (D:7)
  3 yaks (Lair:1)
  3 soldier ants (Lair:6)
  A porcupine (Lair:1)
  A water moccasin (Lair:2)
  6 orc warriors
  An ogre (D:9)
  2 wolves (Lair:4)
  A centaur (Bailey)
  2 bullfrogs
  An orc wizard (D:6)
  3 hell rats (Lair:4)
  2 worker ants (Lair:6)
  4 orcs (Bailey)
  A jackal (D:6)
  5 fungi (Lair:6)
  5 plants
61 creatures vanquished.

Vanquished Creatures (others)
  A death yak (Lair:6)
  An orc (Orc:2)
  12 fungi
  10 plants
24 creatures vanquished.

Grand Total: 1002 creatures vanquished

Notes
Turn   | Place    | Note
-------+----------+-------------------------------------------
     0 | D:1      | glosham the Centaur Conjurer began the quest for the Orb.
     0 | D:1      | Reached XP level 1. HP: 14/14 MP: 3/3
    38 | D:2      | Reached skill level 1 in Fighting
    45 | D:2      | Reached XP level 2. HP: 18/24 MP: 1/4
   135 | D:3      | Reached skill level 2 in Fighting
   192 | D:3      | Reached XP level 3. HP: 30/30 MP: 1/5
   319 | D:3      | Reached skill level 3 in Fighting
   677 | D:4      | Reached XP level 4. HP: 22/40 MP: 0/6
   856 | D:4      | Learned a level 3 spell: Regeneration
  1225 | D:4      | Noticed Blork the orc
  1237 | D:4      | Killed Blork the orc
  1237 | D:4      | Reached skill level 2 in Necromancy
  1237 | D:4      | Reached XP level 5. HP: 46/46 MP: 0/7
  1243 | D:4      | Found a deep blue altar of Sif Muna.
  1248 | D:4      | Learned a level 3 spell: Vampiric Draining
  1255 | D:4      | Became a worshipper of Sif Muna the Loreminder
  2310 | D:2      | Reached skill level 3 in Necromancy
  2709 | D:3      | Reached * piety under Sif Muna
  2989 | D:5      | Entered Level 5 of the Dungeon
  3069 | D:5      | Reached XP level 6. HP: 49/52 MP: 6/8
  3110 | D:5      | Reached skill level 4 in Necromancy
  3310 | D:5      | Noticed a sky beast
  3329 | D:5      | Killed a sky beast
  3421 | D:5      | Reached skill level 5 in Necromancy
  3489 | D:5      | Reached XP level 7. HP: 33/58 MP: 0/9
  3688 | D:5      | Found a sacrificial altar of Ru.
  3733 | D:5      | Found a staircase to the Ecumenical Temple.
  3810 | D:5      | Reached ** piety under Sif Muna
  3810 | D:5      | Reached skill level 6 in Necromancy
  4017 | D:6      | Reached skill level 2 in Spellcasting
  4025 | D:6      | Learned a level 4 spell: Animate Dead
  4120 | D:6      | Reached skill level 7 in Necromancy
  4247 | D:6      | Found a shimmering altar of Xom.
  4294 | D:6      | Reached XP level 8. HP: 46/66 MP: 11/11
  4680 | D:6      | Identified the cursed +0 ring mail of Demons {MR+} (You found it on level 6 of the Dungeon)
  4706 | D:6      | Reached *** piety under Sif Muna
  4706 | D:6      | Reached skill level 8 in Necromancy
  4781 | D:6      | Found an ancient bone altar of Kikubaaqudgha.
  4785 | D:6      | Found a basalt altar of Yredelemnul.
  4788 | D:6      | Found an ornate altar of the Wu Jian Council.
  5519 | D:7      | Reached skill level 9 in Necromancy
  5595 | D:7      | Noticed a hornet
  5652 | D:7      | Paralysed by a hornet for 3 turns
  5655 | D:7      | Killed a hornet
  5749 | D:7      | Reached XP level 9. HP: 35/71 MP: 0/12
  5841 | D:8      | Got a translucent copper ring
  5843 | D:8      | Identified the ring of Cowardice {Dex+7 Slay+2} (You found it on level 8 of the Dungeon)
  5896 | D:8      | Reached **** piety under Sif Muna
  5936 | D:8      | Reached skill level 10 in Necromancy
  5943 | D:8      | Reached skill level 1 in Evocations
  6164 | D:7      | Reached skill level 4 in Fighting
  6172 | D:7      | Reached skill level 1 in Staves
  6188 | D:7      | Reached skill level 2 in Evocations
  6545 | D:8      | Reached skill level 2 in Staves
  6851 | D:8      | Reached skill level 11 in Necromancy
  6947 | D:8      | Noticed a gargoyle
  6976 | D:8      | Killed a gargoyle
  6976 | D:8      | Reached skill level 3 in Evocations
  7035 | D:8      | Found a blossoming altar of Fedhas.
  7252 | D:8      | Found a hazy altar of Hepliaklqana.
  7427 | D:9      | Reached XP level 10. HP: 72/78 MP: 6/13
  7472 | D:9      | Found Opyerghou's Weapon Boutique.
  7697 | D:9      | Reached ***** piety under Sif Muna
  8179 | D:10     | Entered Level 10 of the Dungeon
  8326 | D:10     | Reached skill level 3 in Staves
  8326 | D:10     | Reached skill level 4 in Evocations
  8344 | D:10     | Found a flagged portal.
  8350 | D:10     | Killed an unseen horror
  8353 | D:10     | Found the +27 Lear's hauberk
  8377 | Bailey   | Entered a bailey
  8402 | Bailey   | Identified Oruna's Papyrus of the Mutagenic Traveller (Sif Muna gifted it to you in a bailey)
  8402 | Bailey   | Received a gift from Sif Muna
  8465 | Bailey   | Reached skill level 12 in Necromancy
  8599 | Bailey   | Reached skill level 4 in Staves
  8931 | Bailey   | Learned a level 1 spell: Apportation
  8978 | Bailey   | Identified the +4 executioner's axe "Zoqeef" {flame, rElec rC+ MR+} (You found it in a bailey)
  9218 | D:10     | Identified the +6 whip of Agony {freeze, rElec rC+} (You found it on level 10 of the Dungeon)
  9313 | D:10     | Reached skill level 5 in Fighting
  9360 | D:10     | Reached skill level 6 in Fighting
  9430 | D:10     | Noticed an orc knight
  9431 | D:10     | Noticed a red ugly thing
  9455 | D:10     | Killed an orc knight
  9455 | D:10     | Reached skill level 7 in Fighting
  9458 | D:10     | Killed a red ugly thing
  9458 | D:10     | Reached skill level 8 in Fighting
  9458 | D:10     | Reached XP level 11. HP: 70/94 MP: 11/14
  9589 | D:10     | Identified the +3 leather armour of Bedevilment {Slay+2} (You found it on level 10 of the Dungeon)
  9590 | D:10     | Identified the +6 dagger of Iwneime {drain, rPois} (You found it on level 10 of the Dungeon)
  9730 | D:10     | Reached skill level 9 in Fighting
  9840 | D:10     | Found a staircase to the Lair.
 10132 | D:10     | Reached skill level 10 in Fighting
 10214 | Lair:1   | Entered Level 1 of the Lair of Beasts
 10218 | Lair:1   | Noticed an oklob plant
 10218 | Lair:1   | Noticed an oklob plant
 10219 | Lair:1   | Noticed an oklob plant
 10219 | Lair:1   | Noticed an oklob plant
 10380 | Lair:1   | Reached skill level 11 in Fighting
 10698 | Lair:1   | Reached skill level 12 in Fighting
 11062 | Lair:2   | Noticed Urug
 11063 | Lair:2   | Upgraded the game from 0.23-a0-29-g1be82e5 to 0.23-a0-32-g1388f29
 11090 | Lair:2   | Killed Urug
 11090 | Lair:2   | Reached skill level 13 in Fighting
 11120 | Lair:2   | Noticed a four-headed hydra
 11148 | Lair:2   | Noticed a six-headed hydra
 11153 | Lair:2   | Killed a six-headed hydra
 11249 | Lair:2   | Reached skill level 1 in Invocations
 11258 | Lair:2   | Reached skill level 2 in Invocations
 11321 | Lair:2   | Reached skill level 3 in Invocations
 11477 | Lair:2   | Killed a four-headed hydra
 11477 | Lair:2   | Reached skill level 4 in Invocations
 11543 | Lair:3   | Found a runed gate.
 11543 | Lair:3   | Noticed Foll's ghost (journeyman OpFi)
 11553 | Lair:3   | Found a runed gate.
 11553 | Lair:3   | Found a runed gate.
 11591 | Lair:3   | Reached XP level 12. HP: 97/116 MP: 11/15
 11709 | Lair:3   | Reached skill level 5 in Invocations
 11713 | Lair:3   | Reached skill level 13 in Necromancy
 11734 | Lair:3   | Killed Foll's ghost
 11874 | Lair:3   | Identified Sif Muna's Incunabulum of Unholy Arts (Sif Muna gifted it to you on level 3 of the Lair of Beasts)
 11874 | Lair:3   | Received a gift from Sif Muna
 12215 | Lair:3   | Reached skill level 5 in Evocations
 12410 | Lair:4   | Reached skill level 6 in Invocations
 12543 | Lair:4   | Found a staircase to the Swamp.
 12622 | Lair:4   | Reached skill level 3 in Spellcasting
 12663 | Lair:4   | Learned a level 2 spell: Sublimation of Blood
 12720 | Lair:4   | Reached skill level 7 in Invocations
 12738 | Lair:4   | Reached skill level 14 in Necromancy
 12795 | Lair:4   | Found a hole to the Spider Nest.
 13112 | Lair:5   | Noticed a four-headed hydra
 13120 | Lair:5   | Killed a four-headed hydra
 13120 | Lair:5   | Reached XP level 13. HP: 86/123 MP: 11/18
 13241 | Lair:5   | Found a staircase to the Slime Pits.
 13241 | Lair:5   | Found a viscous altar of Jiyva.
 13371 | Lair:5   | Identified Sif Muna's Handbook of Feathers and the Frostbite (Sif Muna gifted it to you on level 5 of the Lair of Beasts)
 13371 | Lair:5   | Received a gift from Sif Muna
 13485 | Lair:5   | Reached skill level 1 in Translocations
 13516 | Lair:5   | Identified the +0 falchion "Padimn" {slice, Int+6 Dex+4} (You found it on level 5 of the Lair of Beasts)
 13576 | Lair:5   | Reached skill level 15 in Necromancy
 13645 | Lair:5   | Reached skill level 2 in Translocations
 13736 | Lair:6   | Entered Level 6 of the Lair of Beasts
 13964 | Lair:6   | Noticed an entropy weaver
 13981 | Lair:6   | Killed an entropy weaver
 14002 | Lair:5   | Learned a level 5 spell: Bolt of Draining
 14154 | Lair:6   | Reached skill level 4 in Spellcasting
 14344 | Lair:6   | Identified Dihotuq's Guide on Weightlessness and Confrontation (Sif Muna gifted it to you on level 6 of the Lair of Beasts)
 14344 | Lair:6   | Received a gift from Sif Muna
 14473 | Lair:6   | Noticed an entropy weaver
 14482 | Lair:6   | Killed an entropy weaver
 14482 | Lair:6   | Reached skill level 16 in Necromancy
 14701 | Lair:6   | Reached skill level 5 in Spellcasting
 14751 | Lair:6   | Reached XP level 14. HP: 31/130 MP: 1/21
 14874 | Lair:6   | Identified the +8 longbow "Hydrabane" {freeze, MR+ Dex+4 Stlth+} (You found it on level 6 of the Lair of Beasts)
 15093 | Lair:1   | Reached skill level 1 in Bows
 15100 | Lair:1   | Reached skill level 2 in Bows
 15116 | Lair:1   | Reached skill level 3 in Bows
 15295 | D:11     | Reached skill level 4 in Bows
 15550 | D:11     | Reached skill level 5 in Bows
 15875 | D:11     | Reached skill level 6 in Bows
 16032 | D:12     | Reached skill level 7 in Bows
 16262 | D:12     | Reached skill level 8 in Bows
 16317 | D:12     | HP: 11/130 [poisoned by a redback]
 16320 | D:12     | HP: 4/130 [poisoned by a redback]
 16586 | D:12     | Reached skill level 9 in Bows
 16775 | D:12     | Found a roughly hewn altar of Beogh.
 16777 | D:12     | Found a staircase to the Orcish Mines.
 16831 | Orc:1    | Entered Level 1 of the Orcish Mines
 16917 | Orc:1    | Found Plog's Book Shop.
 16944 | Orc:1    | Noticed an orc warlord
 16974 | Orc:1    | Killed an orc warlord
 16974 | Orc:1    | Reached skill level 10 in Bows
 17222 | Orc:2    | Entered Level 2 of the Orcish Mines
 17222 | Orc:2    | Found Xiwehyob's Jewellery Emporium.
 17235 | Orc:2    | Bought the ring "Jomew" {+Blink rN+ MR+ Stlth+} for 578 gold pieces
 17235 | Orc:2    | Bought the amulet of Naumof {Fragile rN+ Regen+ Dex+5 Stlth+} for 684 gold pieces
 17260 | Orc:2    | Found a staircase to the Elven Halls.
 17316 | Orc:2    | Received a gift from Sif Muna
 17324 | Orc:2    | Learned a level 5 spell: Borgnjor's Vile Clutch
 17366 | Orc:2    | Found a roughly hewn altar of Beogh.
 17486 | Orc:2    | Reached skill level 1 in Earth Magic
 17518 | Orc:2    | Reached skill level 11 in Bows
 17518 | Orc:2    | Reached skill level 2 in Earth Magic
 17530 | Orc:2    | Noticed Josephine
 17586 | Orc:2    | Killed Josephine
 17586 | Orc:2    | Reached skill level 3 in Earth Magic
 17812 | Orc:2    | Noticed Nergalle
 17816 | Orc:2    | Killed Nergalle
 17816 | Orc:2    | Reached skill level 12 in Bows
 17928 | Orc:2    | Noticed an orc warlord
 17973 | Orc:2    | Killed an orc warlord
 18094 | Orc:2    | Reached skill level 13 in Bows
 18161 | Orc:2    | Found a roughly hewn altar of Beogh.
 18164 | Orc:2    | Reached XP level 15. HP: 137/137 MP: 22/22
 18188 | Orc:2    | Found Kuodady's Antique Weapon Shoppe.
 18205 | Orc:2    | Found Obaicky's General Store.
 18213 | Orc:2    | Bought a potion of might for 48 gold pieces
 18402 | Orc:2    | Found a roughly hewn altar of Beogh.
 18646 | Orc:2    | Found Joozuperch's Book Shoppe.
 18708 | Orc:2    | Found Sireim's Antique Armour Shoppe.
 18714 | Orc:2    | Bought a smelly leather armour for 168 gold pieces
 18714 | Orc:2    | Bought a cloak for 108 gold pieces
 18714 | Orc:2    | Identified the +1 leather armour of the Cuttlefish {MR+} (You bought it in a shop on level 2 of the Orcish Mines)
 18943 | D:13     | Reached ****** piety under Sif Muna
 18971 | D:13     | Reached skill level 3 in Translocations
 19283 | D:13     | Reached skill level 14 in Bows
 19594 | D:15     | Entered Level 15 of the Dungeon
 19628 | D:15     | Found Meelud's Blood Bar.
 19752 | D:15     | Reached skill level 4 in Translocations
 19753 | D:15     | Identified the +0 robe of Action {rElec Int+3} (You took it off a vampire on level 15 of the Dungeon)
 19865 | D:15     | Reached skill level 15 in Bows
 20366 | D:15     | Found a staircase to the Depths.
 20571 | D:14     | Reached skill level 16 in Bows
 20625 | D:14     | Identified Sif Muna's Early Guide to Casting (Sif Muna gifted it to you on level 14 of the Dungeon)
 20625 | D:14     | Received a gift from Sif Muna
 20672 | D:14     | Found a gate to the Vaults.
 21373 | Swamp:1  | Entered Level 1 of the Swamp
 21381 | Swamp:1  | Noticed Louise
 21392 | Swamp:1  | Killed Louise
 21392 | Swamp:1  | Reached skill level 17 in Bows
 21787 | Swamp:2  | Identified a scroll of acquirement
 21993 | Swamp:2  | Reached skill level 5 in Translocations
 21993 | Swamp:2  | Reached XP level 16. HP: 145/145 MP: 23/23
 22027 | Swamp:2  | Reached skill level 18 in Bows
 22280 | Swamp:2  | Identified the +4 ring mail of Mocimext {rElec rPois MP+9} (You found it on level 2 of the Swamp)
 22558 | Swamp:3  | Reached skill level 2 in Dodging
 22631 | Swamp:4  | Entered Level 4 of the Swamp
 23099 | Swamp:4  | Reached skill level 3 in Dodging
 23140 | Swamp:4  | Reached skill level 19 in Bows
 23432 | Swamp:4  | Reached skill level 4 in Dodging
 23474 | Swamp:4  | Annihilated by a titanic slime creature

Vault maps used:
D:1:      shiori_arrival_maze, minmay_large_rounded_square, minmay_tromino_v7
D:3:      first_ration, bh_chokoban
D:4:      tgw_sif, minmay_joined_circles
D:5:      kennysheep_six_static_rooms, kennysheep_little_box, temple_fountains
D:6:      minmay_overflow_temple_star_quad, basic_altar
D:7:      grunt_livestock
D:8:      fedhas_altar_fruit_tree, lemuel_doored_altar
D:9:      serial_shops, nicolae_shop_trees
D:10:     minmay_the_grid_triangle_9x9_recursive_2, minmay_lair_entry_lava,
          enter_bailey_2
D:12:     david_orc_5, serial_glass, glass_columns_a, glass_columns_b,
          eino_small_chamber_without_monster, spider_trap,
          minmay_protected_statue
D:13:     minmay_misc_feat_pillars
D:14:     david_vaults_5
D:15:     grunt_enter_depths_snipers, serial_bayou_pond_e, guppyfry_shop_blood
Lair:1:   beast_lair_carwin_6, minmay_lair_oklob_chamber
Lair:2:   serial_bayou_pond_e, nicolae_quartered_pool_super,
          serial_bayou_lagoon_b, lemuel_fruit_fields, uniq_urug
Lair:3:   gammafunk_ghost_split, serial_bayou_lake_a
Lair:4:   minmay_swamp_entry_worms, nicolae_spider_entry_orb_guardian,
          grunt_megastairs_3
Lair:5:   slime_altar_1, kilobyte_rumbling_trees, grunt_megastairs_2
Lair:6:   grunt_lair_end_beastmaster, minivault_29
Swamp:1:  cheibrodos_swamp_monstrosity, evilmike_swamp_ruin_house_5, uniq_louise
Swamp:2:  evilmike_swamp_ruin_house_1
Swamp:3:  nicolae_swamp_fairy_circle, st_swamp_ruins_4
Swamp:4:  swamp_vile
Orc:1:    serial_shops, shop
Orc:2:    grunt_orc_cross, basic_altar, serial_shops, shop, mines2_david,
          uniq_josephine
Bailey:   bailey_polearm_flooded_kennysheep, bailey

Skill      XL: |  1  2  3  4  5  6  7  8  9 10 11 12 13 14 15 16 |
---------------+-------------------------------------------------+-----
Fighting       | 1 2 3 4 8 13 | 13.8
Necromancy     | 2 3 5 7 9 11 12 14 16 | 16.5
Spellcasting   | 2 3 5 |  5.0
Evocations     | 3 4 5 |  5.0
Staves         | 2 4 |  4.0
Invocations    | 4 7 |  7.0
Translocations | 2 5 |  5.0
Bows           | 13 17 19 | 19.7
Earth Magic    | 3 |  3.0
Dodging        | 4 |  4.1
Stealth        | |  1.1
Conjurations   | |  3.6

Action                   |  1- 3 |  4- 6 |  7- 9 | 10-12 | 13-15 | 16-18 || total
-------------------------+-------+-------+-------+-------+-------+-------++-------
Melee: Dagger            |    33 |       |       |       |       |       ||    33
       Kick              |     8 |    24 |    47 |   171 |    97 |     5 ||   352
       Mace              |    14 |    31 |       |       |       |       ||    45
       Flail             |       |   113 |    10 |       |       |       ||   123
       Staff             |       |    12 |    55 |   466 |   259 |     7 ||   799
       Short sword       |       |    14 |    14 |       |       |       ||    28
       Scimitar          |       |       |    35 |       |       |       ||    35
       Long sword        |       |       |    69 |     5 |       |       ||    74
       Executioner's axe |       |       |       |    35 |    24 |       ||    59
       Halberd           |       |       |       |     1 |       |       ||     1
       Whip              |       |       |       |    29 |       |       ||    29
 Fire: Hunting sling     |    30 |    53 |    81 |    31 |       |       ||   195
       Blowgun           |       |       |    14 |     5 |       |       ||    19
       Longbow           |       |       |       |       |   930 |   243 ||  1173
Throw: Javelin           |       |       |       |     5 |       |       ||     5
 Cast: Magic Dart        |    29 |    12 |       |       |       |       ||    41
       Vampiric Draining |       |    14 |    50 |    77 |   243 |    10 ||   394
       Animate Dead      |       |       |     6 |    44 |    18 |       ||    68
       Regeneration      |       |       |     1 |    62 |   146 |    12 ||   221
       Apportation       |       |       |       |    29 |   508 |   126 ||   663
       Sublimation of Bl |       |       |       |    14 |   209 |     5 ||   228
       Bolt of Draining  |       |       |       |       |     7 |       ||     7
Invok: Divine Energy     |       |     1 |       |       |       |       ||     1
 Abil: Evoke Blink       |       |       |       |       |    15 |     8 ||    23
Evoke: Wand              |       |     6 |     6 |    52 |     3 |     8 ||    75
       Lightning rod     |       |       |       |     5 |     2 |       ||     7
  Use: Scroll            |     4 |    12 |    10 |    19 |    12 |     3 ||    60
       Potion            |       |     1 |     1 |     2 |     1 |     1 ||     6
 Stab: Sleeping          |     1 |     1 |     1 |     1 |     1 |       ||     5
       Distracted        |       |       |     1 |     5 |     2 |       ||     8
       Paralysed         |       |       |     4 |     9 |       |       ||    13
       Held in net/web   |       |       |       |     1 |       |       ||     1
       Petrified         |       |       |       |       |    10 |       ||    10
  Eat: Chunk             |       |     9 |    18 |    43 |    73 |     6 ||   149
       Ration            |       |       |     1 |     1 |     1 |       ||     3
Armor: Robe              |    24 |    91 |    90 |    33 |       |       ||   238
       Skin              |       |       |    17 |       |       |       ||    17
       Ring mail         |       |       |       |    36 |       |    22 ||    58
       Leather armour    |       |       |       |   199 |   497 |     2 ||   698
       Chain mail        |       |       |       |    10 |       |       ||    10
Dodge: Dodged            |    24 |   107 |    94 |   226 |   277 |    28 ||   756
       Rpst.: Scimitar   |       |       |    11 |       |       |       ||    11
       Long sword        |       |       |     6 |     1 |       |       ||     7

Table legend:
 A = Spawn XP
 B = Non-spawn XP
 C = Spawn XP percentage of total XP
 D = Spawn monster count
 E = Non-spawn monster count
 F = Spawn count percentage of total count
 G = Total turns spent on level
                    A         B        C        D         E        F      G
               +---------+---------+-------+---------+---------+-------+---------
         Total |       0 |  190150 |   0.0 |       0 |     964 |   0.0 | 23474
               +---------+---------+-------+---------+---------+-------+---------
           D:1 |       0 |      38 |   0.0 |       0 |      21 |   0.0 |   743
           D:2 |       0 |      40 |   0.0 |       0 |      20 |   0.0 |   501
           D:3 |       0 |      76 |   0.0 |       0 |      27 |   0.0 |   972
           D:4 |       0 |     158 |   0.0 |       0 |      14 |   0.0 |   997
           D:5 |       0 |     693 |   0.0 |       0 |      24 |   0.0 |   984
           D:6 |       0 |     749 |   0.0 |       0 |      23 |   0.0 |   865
           D:7 |       0 |    1804 |   0.0 |       0 |      24 |   0.0 |  1108
           D:8 |       0 |    1783 |   0.0 |       0 |      22 |   0.0 |  1200
           D:9 |       0 |     918 |   0.0 |       0 |      16 |   0.0 |   826
          D:10 |       0 |    5032 |   0.0 |       0 |      39 |   0.0 |  1384
          D:11 |       0 |    4095 |   0.0 |       0 |      22 |   0.0 |   660
          D:12 |       0 |    9109 |   0.0 |       0 |      68 |   0.0 |  1063
          D:13 |       0 |    8294 |   0.0 |       0 |      32 |   0.0 |   582
          D:14 |       0 |    8412 |   0.0 |       0 |      28 |   0.0 |   856
          D:15 |       0 |   16425 |   0.0 |       0 |      45 |   0.0 |   873
        Lair:1 |       0 |    5667 |   0.0 |       0 |      21 |   0.0 |   847
        Lair:2 |       0 |    4506 |   0.0 |       0 |      18 |   0.0 |   682
        Lair:3 |       0 |    6499 |   0.0 |       0 |      39 |   0.0 |   856
        Lair:4 |       0 |    8638 |   0.0 |       0 |      51 |   0.0 |   714
        Lair:5 |       0 |   11036 |   0.0 |       0 |      36 |   0.0 |   784
        Lair:6 |       0 |   19635 |   0.0 |       0 |      82 |   0.0 |  1160
       Swamp:1 |       0 |    8428 |   0.0 |       0 |      23 |   0.0 |   423
       Swamp:2 |       0 |   11944 |   0.0 |       0 |      33 |   0.0 |   622
       Swamp:3 |       0 |    4756 |   0.0 |       0 |      13 |   0.0 |   217
       Swamp:4 |       0 |   26985 |   0.0 |       0 |      52 |   0.0 |   839
         Orc:1 |       0 |    4845 |   0.0 |       0 |      49 |   0.0 |   622
         Orc:2 |       0 |   17606 |   0.0 |       0 |      83 |   0.0 |  1347
        Bailey |       0 |    1979 |   0.0 |       0 |      39 |   0.0 |   747
               +---------+---------+-------+---------+---------+-------+---------

Table legend:
 A = Turns spent in this place as a percentage of turns spent in the entire game.
 B = Non-inter-level travel turns spent in this place as a percentage of non-inter-level travel turns spent in the entire game.
 C = Inter-level travel turns spent in this place as a percentage of turns spent in this place.
 D = Turns resting spent in this place as a percentage of non-inter-level travel turns spent in this place.
 E = Turns spent auto-exploring this place as a percentage of non-inter-level travel turns spent in this place.
 F = Non-inter-level travel turns spent in this place divided by the number of levels of this place that you've seen.
                   A       B       C       D       E      F
               +-------+-------+-------+-------+-------+----------------------
         Total | 100.0 | 100.0 |   9.2 |   0.6 |   0.6 | 761.1
       Dungeon |  58.0 |  56.5 |  11.6 |   0.6 |   0.9 | 802.7
          Lair |  21.5 |  21.8 |   8.1 |   0.8 |   0.0 | 772.8
         Swamp |   9.0 |   9.5 |   4.1 |   1.0 |   0.0 | 503.8
  Orcish Mines |   8.4 |   8.8 |   5.0 |   0.0 |   0.5 | 935.5
        Bailey |   3.2 |   3.5 |   0.0 |   0.0 |   0.0 | 747.0
               +-------+-------+-------+-------+-------+----------------------

Table legend:
 A = Kills in this place as a percentage of kills in entire the game.
 B = Kills by you in this place as a percentage of kills by you in the entire game.
 C = Kills by friends in this place as a percentage of kills by friends in the entire game.
 D = Other kills in this place as a percentage of other kills in the entire game.
 E = Experience gained in this place as a percentage of experience gained in the entire game.
 F = Experience gained in this place divided by the number of levels of this place that you have seen.
                   A       B       C       D       E      F
               +-------+-------+-------+-------+-------+----------------------
         Total | 100.0 | 100.0 | 100.0 | 100.0 | 100.0 | 6791.1
       Dungeon |  44.1 |  46.1 |   9.8 |   0.0 |  30.3 | 3841.7
          Lair |  25.6 |  23.0 |  70.6 | 100.0 |  29.4 | 9330.2
         Swamp |  12.6 |  13.3 |   0.0 |   0.0 |  27.4 | 13028.2
  Orcish Mines |  13.7 |  14.5 |   0.0 |   0.0 |  11.8 | 11225.5
        Bailey |   4.0 |   3.2 |  19.6 |   0.0 |   1.0 | 1979.0
               +-------+-------+-------+-------+-------+----------------------

Vault maps used:
D:1:      shiori_arrival_maze, minmay_large_rounded_square, minmay_tromino_v7
D:3:      first_ration, bh_chokoban
D:4:      tgw_sif, minmay_joined_circles
D:5:      kennysheep_six_static_rooms, kennysheep_little_box, temple_fountains
D:6:      minmay_overflow_temple_star_quad, basic_altar
D:7:      grunt_livestock
D:8:      fedhas_altar_fruit_tree, lemuel_doored_altar
D:9:      serial_shops, nicolae_shop_trees
D:10:     minmay_the_grid_triangle_9x9_recursive_2, minmay_lair_entry_lava,
          enter_bailey_2
D:12:     david_orc_5, serial_glass, glass_columns_a, glass_columns_b,
          eino_small_chamber_without_monster, spider_trap,
          minmay_protected_statue
D:13:     minmay_misc_feat_pillars
D:14:     david_vaults_5
D:15:     grunt_enter_depths_snipers, serial_bayou_pond_e, guppyfry_shop_blood
Lair:1:   beast_lair_carwin_6, minmay_lair_oklob_chamber
Lair:2:   serial_bayou_pond_e, nicolae_quartered_pool_super,
          serial_bayou_lagoon_b, lemuel_fruit_fields, uniq_urug
Lair:3:   gammafunk_ghost_split, serial_bayou_lake_a
Lair:4:   minmay_swamp_entry_worms, nicolae_spider_entry_orb_guardian,
          grunt_megastairs_3
Lair:5:   slime_altar_1, kilobyte_rumbling_trees, grunt_megastairs_2
Lair:6:   grunt_lair_end_beastmaster, minivault_29
Swamp:1:  cheibrodos_swamp_monstrosity, evilmike_swamp_ruin_house_5, uniq_louise
Swamp:2:  evilmike_swamp_ruin_house_1
Swamp:3:  nicolae_swamp_fairy_circle, st_swamp_ruins_4
Swamp:4:  swamp_vile
Orc:1:    serial_shops, shop
Orc:2:    grunt_orc_cross, basic_altar, serial_shops, shop, mines2_david,
          uniq_josephine
Bailey:   bailey_polearm_flooded_kennysheep, bailey
